 Dungeon Crawl Stone Soup version 0.30.1-4-g462c640d31 (webtiles) character file.

Game seed: 1766382354918323327

275 ChiefBigBeans the Sneak (level 6, 0/56 HPs)
             Began as a Naga Brigand on Sept 12, 2023.
             Slain by a black bear (2 damage)
             ... on level 5 of the Dungeon.
             The game lasted 00:06:45 (4645 turns).

ChiefBigBeans the Sneak (Naga Brigand)              Turns: 4645, Time: 00:06:46

Health: 0/56       AC:  4    Str: 13    XL:     6   Next: 24%
Magic:  6/6        EV:  9    Int: 11    God:
Gold:   344        SH:  0    Dex: 15    Spells: 5/5 levels left

rFire   . . .        a - +2 dagger (spect)
rCold   . . .        (no shield)
rNeg    . . .        t - +0 leather armour
rPois   +            (no helmet)
rElec   .            c - +0 cloak
rCorr   .            (no gloves)
SInv    +            (no barding)
Will    .....        (no amulet)
Stlth   +++          (no ring)
HPRegen 0.29/turn    (no ring)
MPRegen 0.10/turn

%: no passive effects
@: very slow
A: AC +2, large, see invisible, deformed body, poison resistance, slowness 2,
spit poison 1, naga tail 1
a: Spit Poison


You were on level 5 of the Dungeon.
You visited 1 branch of the dungeon, and saw 5 of its levels.

You collected 344 gold pieces.

Inventory:

Hand Weapons
 a - a +2 spectral dagger (weapon)
Missiles
 d - 7 poisoned darts
 e - 3 curare-tipped darts
 q - 3 boomerangs (quivered)
Armour
 b - a +0 robe
 c - a +0 cloak (worn)
 t - a +0 leather armour (worn)
Wands
 l - a wand of flame (16)
 o - a wand of quicksilver (9)
 u - a wand of roots (8)
Scrolls
 f - a scroll of teleportation
 g - 4 scrolls of identify
 i - 2 scrolls of noise
 j - a scroll of brand weapon
 k - a scroll of amnesia
 m - a scroll of fog
 p - a scroll of silence {unknown}
 r - a scroll of blinking
 s - a scroll of poison
 w - a scroll of fear {unknown}
Potions
 h - 2 potions of brilliance
 n - a potion of curing {unknown}
 v - a potion of magic {unknown}


   Skills:
 + Level 3.5 Fighting
 + Level 3.5 Short Blades
 + Level 3.2 Throwing
 - Level 0.7 Dodging
 + Level 7.5 Stealth


You had 5 spell levels left.
You didn't know any spells.
Your spell library contained the following spells:

 Spells                   Type           Power      Damage    Failure   Level
 Ozocubu's Armour         Ice            0%         N/A       80%         3
 Ozocubu's Refrigeration  Ice            0%         4d7       100%        7


Dungeon Overview and Level Annotations

Branches:
Dungeon (5/15)
 Temple: D:4-7

Altars:
Kikubaaqudgha


Innate Abilities, Weirdness & Mutations

Your serpentine skin is tough. (AC +2)
You have supernaturally acute eyesight. (SInv)
Armour fits poorly on your strangely shaped body.
Your system is resistant to poisons. (rPois)
You cover ground very slowly.
You can spit poison.
You have a snake-like lower body.


Message History

The black bear barely misses you.
The black bear claws you but does no damage. x2
The orc hits you with a +0 short sword.
You hit the black bear.
The black bear is heavily wounded.
Your +2 spectral dagger hits the black bear.
The black bear bites you. The black bear claws you. x2
The orc hits you with a +0 short sword.
You are too injured to fight recklessly!
You are too injured to fight recklessly!
Your +2 spectral dagger disappears.
The orc hits you but does no damage. The orc attacks as you move away!
The orc barely misses you. The black bear closely misses you.
The black bear claws you. x2
The orc hits you with a +0 short sword.
The black bear bites you but does no damage.
The black bear claws you but does no damage. x2
You hit the black bear.
The black bear is severely wounded.
The black bear bites you but does no damage.
The black bear claws you but does no damage.
The black bear claws you. The orc misses you.
You hit the black bear.
The black bear is almost dead.
The orc hits you with a +0 short sword.
* * * LOW HITPOINT WARNING * * *
The black bear goes berserk!
You hit the black bear.
The black bear is almost dead.
The black bear bites you!
* * * LOW HITPOINT WARNING * * *
The black bear closely misses you. The black bear completely misses you.
The orc barely misses you.
You hit the black bear but do no damage.
The black bear is almost dead.
The black bear bites you but does no damage.
The black bear claws you.
* * * LOW HITPOINT WARNING * * *
The black bear claws you.
You die...

# .# #####.###
#........ #........
####+### #........
#......# #........
###......###........
#>........@h........
#.#......##o........
#........##.########
#>.......##.#
#............
###...........#
#.)..........##
#......###+++#
#......#


You could see a black bear (berserk) and an orc.

Vanquished Creatures
  A black bear (D:4)
  A scorpion (D:5)
  A sleepcap (D:5)
  3 adders
  A white imp (D:5)
  A worm (D:2)
  3 dart slugs
  4 endoplasms
  3 giant cockroaches
  10 hobgoblins
  3 quokkas
  5 ball pythons
  4 bats
  5 frilled lizards
  7 goblins
  8 kobolds
  6 rats
66 creatures vanquished.

Notes
Turn   | Place    | Note
-------+----------+-------------------------------------------
     0 | D:1      | ChiefBigBeans the Naga Brigand began the quest for the Orb.
     0 | D:1      | Reached XP level 1. HP: 19/19 MP: 1/1
    89 | D:1      | Reached skill level 6 in Stealth
   137 | D:1      | Reached XP level 2. HP: 26/26 MP: 2/2
   868 | D:1      | Reached XP level 3. HP: 33/33 MP: 3/3
  2435 | D:2      | Reached XP level 4. HP: 34/40 MP: 4/4
  2991 | D:3      | Found a faded altar of an unknown god.
  3330 | D:4      | Noticed a black bear
  3332 | D:4      | Killed a black bear
  3333 | D:4      | Reached skill level 7 in Stealth
  3333 | D:4      | Reached XP level 5. HP: 49/49 MP: 5/5
  3891 | D:5      | Entered Level 5 of the Dungeon
  4011 | D:5      | Found an ancient bone altar of Kikubaaqudgha.
  4022 | D:5      | Reached XP level 6. HP: 56/56 MP: 6/6
  4618 | D:5      | Noticed a water moccasin
  4630 | D:5      | Noticed a black bear
  4645 | D:5      | HP: 2/56 [black bear (2)]
  4645 | D:5      | Slain by a black bear

Illustrated notes

Levels and vault maps discovered:
D:1:      minmay_arrival_arboretum_small, layout_basic, minmay_pentomino_s2
D:2:      wad_lake_hut, layout_basic, minmay_misc_feat_rugged,
          mrwooster_statue_mirror
D:3:      layout_basic, chequers_ecumenical_altar_simple
D:4:      layout_basic
D:5:      minmay_razor_zed, layout_basic, kennysheep_mini_moat,
          mainiacjoe_overflow_alcove_4

Skill      XL: |  1  2  3  4  5 |
---------------+----------------+-----
Stealth        | 6 7 |  7.5
Throwing       | 2 3 |  3.2
Fighting       | 3 |  3.5
Short Blades   | 3 |  3.5
Dodging        | |  0.7

Action                     |  1- 3 |  4- 6 || total
---------------------------+-------+-------++-------
  Melee: Dagger            |   115 |    89 ||   204
         Punch             |       |     2 ||     2
  Throw: Dart              |    27 |     9 ||    36
         Boomerang         |       |    11 ||    11
    Use: Scroll            |     4 |     7 ||    11
         Potion            |     3 |       ||     3
   Stab: Sleeping          |     1 |     5 ||     6
 Armour: Robe              |    28 |    16 ||    44
         Leather armour    |       |    11 ||    11
  Dodge: Dodged            |    48 |    35 ||    83
